 Dungeon Crawl Stone Soup version 0.23-b1-70-gd12f7cf (webtiles) character file.

Game seed: 14247644158064412354

128 Yuikono the Gusty (level 5, 0/28 HPs)
             Began as a Tengu Air Elementalist on Feb 6, 2019.
             Succumbed to an adder's poison
             ... on level 3 of the Dungeon.
             The game lasted 00:07:09 (2773 turns).

Yuikono the Gusty (Tengu Air Elementalist)          Turns: 2773, Time: 00:07:10

Health: 0/28       AC:  6    Str: 11    XL:     5   Next: 11%
Magic:  2/10       EV: 17    Int: 21    God:
Gold:   111        SH:  0    Dex: 19    Spells: 4/10 levels left

rFire    . . .     SeeInvis .   i - +0 dagger
rCold    + . .     Gourm    .   (no shield)
rNeg     . . .     Faith    .   g - +0 leather armour
rPois    .         Spirit   .   (helmet restricted)
rElec    .         Reflect  .   (no cloak)
rCorr    .         Harm     .   (no gloves)
MR       .....                  (boots unavailable)
Stlth    +++.......             (no amulet)
HPRegen  0.09/turn              (no ring)
MPRegen  0.12/turn              (no ring)

@: brilliant, agile, lethally poisoned (0 -> -10)
A: beak, talons 3, molten scales 1, rugged brown scales 1, cold resistance 1,
strong 1, able to fly
a: Fly


You were on level 3 of the Dungeon.
You were near starving.

You visited 1 branch of the dungeon, and saw 3 of its levels.

You collected 111 gold pieces.

Inventory:

Hand Weapons
 e - a +0 club
 i - a +0 dagger (weapon)
 l - a +0 arbalest
 r - a +0 hunting sling
Missiles
 f - 113 stones (quivered)
 n - 34 bolts
 o - 39 arrows
 q - 14 poisoned needles
Armour
 a - a +0 robe
 g - a +0 leather armour (worn)
Jewellery
 h - an uncursed ring of ice
Scrolls
 b - a scroll of enchant weapon {unknown}
 d - 3 scrolls of remove curse {unknown}
 j - a scroll of random uselessness {unknown}
 m - 2 scrolls of blinking {unknown}
Potions
 p - 2 potions of mutation
Comestibles
 c - a ration


   Skills:
 - Level 2.1 Dodging
 - Level 2.0 Stealth
 + Level 3.2 Spellcasting
 + Level 3.7 Conjurations
 + Level 5.3 Air Magic


You had 4 spell levels left.
You knew the following spells:

 Your Spells              Type           Power        Failure   Level  Hunger
a - Shock                 Conj/Air       ####         1%          1    None
b - Swiftness             Chrm/Air       ####....     1%          2    ##.....
c - Static Discharge      Conj/Air       #####...     1%          3    ###....

Your spell library contained the following spells:

 Spells                   Type           Power        Failure   Level  Hunger
 Airstrike                Air            #####.....   2%          4    ####...
 Lightning Bolt           Conj/Air       #####.....   9%          5    ######.


Dungeon Overview and Level Annotations

Branches:
Dungeon (3/15)

Altars:

Annotations:
D:2 1 runed translucent door, Crazy Yiuf


Innate Abilities, Weirdness & Mutations

You have a beak for a mouth.
You have claws for feet.
You can fly continuously.
You are partially covered in molten scales. (AC +2)
You are partially covered in rugged brown scales. (AC +1, +3% HP)
Your flesh is cold resistant. (rC+)
Your muscles are strong. (Str +2)


Message History

You feel sick. The bat barely misses you. The bat closely misses you.
It was a potion of brilliance.
You feel clever all of a sudden.
* * * LOW HITPOINT WARNING * * *
You feel sick. The bat completely misses you.
It was a potion of agility.
You feel agile all of a sudden.
* * * LOW HITPOINT WARNING * * *
You feel sick. The bat misses you.
Okay, then.
Put on which piece of jewellery? (? for menu, Esc to quit)
Okay, then.
Unknown command.
Okay, then.
Casting: Static Discharge (safe; 1% risk of failure)
Confirm with . or Enter, or press ? or * to list all spells.
You don't have enough magic to cast that spell.
You hit the bat. Your kick misses the bat. Your peck misses the bat.
The bat is severely wounded.
You die...

############
.....#.....##
.......[....##
.............##
...............
...$..†b.....#
.......@.....#.
...............
.......<......#
.....#.....##.#
..######(.## .
# ...# .....
...... .......


You could see a bat.

Vanquished Creatures
  Jessica (D:2)
  A gnoll (D:1)
  4 adders
  2 oozes
  A dart slug (D:2)
  3 giant cockroaches (D:1)
  7 goblins
  6 hobgoblins
  5 jackals
  A ball python (D:1)
  5 bats
  4 frilled lizards
  5 kobolds
  2 rats (D:1)
47 creatures vanquished.

Notes
Turn   | Place    | Note
-------+----------+-------------------------------------------
     0 | D:1      | Yuikono the Tengu Air Elementalist began the quest for the
                  | Orb.
     0 | D:1      | Reached XP level 1. HP: 10/10 MP: 4/4
   238 | D:1      | Reached XP level 2. HP: 15/15 MP: 6/6
   258 | D:1      | Learned a level 2 spell: Swiftness
   566 | D:1      | Reached XP level 3. HP: 19/19 MP: 3/7
   601 | D:1      | Learned a level 3 spell: Static Discharge
  1279 | D:2      | Noticed Jessica
  1288 | D:2      | Killed Jessica
  1288 | D:2      | Reached skill level 5 in Air Magic
  1288 | D:2      | Reached XP level 4. HP: 24/24 MP: 2/9
  1556 | D:2      | Found a runed translucent door.
  1557 | D:2      | Noticed Crazy Yiuf
  2327 | D:2      | Gained mutation: You can fly continuously. [Tengu growth]
  2327 | D:2      | Reached XP level 5. HP: 28/28 MP: 6/10
  2770 | D:3      | Gained mutation: You are partially covered in rugged brown
                  | scales. (AC +1, +3% HP) [potion of mutation]
  2770 | D:3      | Gained mutation: Your muscles are strong. (Str +2) [potion
                  | of mutation]
  2770 | D:3      | Gained mutation: You are partially covered in molten
                  | scales. (AC +2) [potion of mutation]
  2770 | D:3      | Gained mutation: Your flesh is cold resistant. (rC+)
                  | [potion of mutation]
  2772 | D:3      | HP: 1/28 [poisoned by an adder]
  2773 | D:3      | Succumbed to an adder's poison

Skill      XL: |  1  2  3  4 |
---------------+-------------+-----
Conjurations   | 2 3 |  3.7
Air Magic      | 5 |  5.3
Spellcasting   | 3 |  3.2
Dodging        | |  2.1
Stealth        | |  2.0

Action                   |  1- 3 |  4- 6 || total
-------------------------+-------+-------++-------
Melee: Club              |     9 |       ||     9
       Peck              |     8 |     5 ||    13
       Kick              |     1 |     6 ||     7
       Unarmed           |     1 |       ||     1
       Dagger            |    23 |    29 ||    52
 Fire: Arbalest          |       |     3 ||     3
 Cast: Shock             |    34 |    10 ||    44
       Static Discharge  |     1 |     8 ||     9
  Use: Potion            |       |     3 ||     3
 Stab: Sleeping          |     2 |     2 ||     4
  Eat: Chunk             |     2 |     3 ||     5
Armor: Leather armour    |    12 |     6 ||    18
Dodge: Dodged            |    31 |    25 ||    56
